 Dungeon Crawl Stone Soup version 0.29.0-13-gc9e81de378 (webtiles) character file.

Game seed: 13743694014813841669

24 Ofeo the Ducker (level 3, -4/30 HPs)
             Began as a Meteoran Wanderer on Sept 9, 2022.
             Killed by divine providence
             ... invoked by an orc priest
              (15 damage)
             ... on level 3 of the Dungeon.
             The game lasted 00:01:38 (230 turns).

Ofeo the Ducker (Meteoran Wanderer)                  Turns: 230, Time: 00:01:39

Health: -4/30      AC:  7    Str: 10    XL:     3   Next: 32%
Magic:  4/4        EV: 14    Int: 16    God:
Gold:   0          SH:  0    Dex: 19    Spells: 2/2 levels left

rFire   . . .      SeeInvis .   a - +0 sling
rCold   . . .      Faith    .   (no shield)
rNeg    . . .      Spirit   .   b - +2 leather armour
rPois   .          Reflect  .   e - +1 helmet {Int+3}
rElec   .          Harm     .   (no cloak)
rCorr   .          Rampage  .   (no gloves)
Will    .....                   (no boots)
Stlth   +.........              (no amulet)
HPRegen 0.10/turn               (no ring)
MPRegen 0.09/turn               (no ring)

@: glowing
A: sense surroundings 1, otherworldly, glowing, explore regen
a: no special abilities


You were on level 3 of the Dungeon.
You visited 1 branch of the dungeon, and saw 3 of its levels.

Inventory:

Hand Weapons
 a - a +0 sling (weapon)
Armour
 b - a +2 leather armour (worn)
 e - a +1 helmet of intelligence (worn)
Scrolls
 c - a scroll of teleportation {unknown}
 f - a scroll of identify {unknown}
Potions
 d - a potion of berserk rage
 q - a potion of curing {@q1}


   Skills:
 + Level 2.6 Fighting
 + Level 3.7 Ranged Weapons
 + Level 1.9 Throwing
 + Level 5.1 Dodging


You had 2 spell levels left.
You didn't know any spells.
Your spell library was empty.

Dungeon Overview and Level Annotations

Branches:
Dungeon (3/15) Zot: 1554

Altars:


Innate Abilities, Weirdness & Mutations

You passively map a small area around you.
You are easily found by Zot.
You glow in the dark.
You regain HP and MP as you explore.


Message History

MASSIVE DAMAGE!!
Fire: a) +0 sling
Press: ? - help, Q - select action Shift-Dir - straight line, f/p - orc priest
Aim: an orc priest, wielding a +0 mace and wearing a +0 scale mail (heavily wounded, 64% to hit)
You shoot a sling bullet.
The sling bullet hits the orc priest but does no damage.
The orc priest is heavily wounded.
The orc priest completely misses you.
The orc priest looks satisfied for a moment.
Fire: a) +0 sling
Press: ? - help, Q - select action Shift-Dir - straight line, f/p - orc priest
Aim: an orc priest, wielding a +0 mace and wearing a +0 scale mail (heavily wounded, 64% to hit)
You shoot a sling bullet.
The sling bullet hits the orc priest but does no damage.
The orc priest is heavily wounded.
The orc priest hits you with a +0 mace.
You take 1 damage, and have 10/30 hp.
Fire: a) +0 sling
Press: ? - help, Q - select action Shift-Dir - straight line, f/p - orc priest
Aim: an orc priest, wielding a +0 mace and wearing a +0 scale mail (heavily wounded, 64% to hit)
You shoot a sling bullet.
The sling bullet closely misses the orc priest.
The orc priest hits you but does no damage.
Fire: a) +0 sling
Press: ? - help, Q - select action Shift-Dir - straight line, f/p - orc priest
Aim: an orc priest, wielding a +0 mace and wearing a +0 scale mail (heavily wounded, 64% to hit)
You shoot a sling bullet.
The sling bullet barely misses the orc priest.
The orc priest closely misses you.
Fire: a) +0 sling
Press: ? - help, Q - select action Shift-Dir - straight line, f/p - orc priest
Aim: an orc priest, wielding a +0 mace and wearing a +0 scale mail (heavily wounded, 64% to hit)
You shoot a sling bullet.
The sling bullet hits the orc priest but does no damage.
The orc priest is heavily wounded.
The orc priest hits you but does no damage.
The orc priest invokes the aid of Beogh against you.
Beogh smites you!
Ouch! That really hurt!
You die...

, , * * ,..........
* * ........ * * * ,
....... * * #######
, ....., #...... ,,
,,.... * * #.####. ,
.)# , ,, #.# #. *
#o#** ####.# #. ,
### *#@# #.##.# #.
.....#.#######.##.#
#.
.................<.#
#.
..###.##.###########
#. * ......# , .....
..#..... , ,......
,....####### ,,
,#####. ..., *, * #.
, .. , , #.


You could see an orc priest.

Vanquished Creatures
  An adder (D:3)
  3 orcs (D:3)
  A ball python (D:3)
  A giant cockroach (D:2)
  A goblin (D:2)
  A hobgoblin (D:3)
  3 kobolds
  A rat (D:1)
12 creatures vanquished.

Notes
Turn   | Place    | Note
-------+----------+-------------------------------------------
     0 | D:1      | Ofeo the Meteoran Wanderer began the quest for the Orb.
     0 | D:1      | Ofeo set off with the following items: a +0 sling, a +2
                  | leather armour, a potion of berserk rage, a potion of
                  | curing {@q1}.
     0 | D:1      | Reached XP level 1. HP: 17/17 MP: 2/2
    79 | D:2      | Reached XP level 2. HP: 20/25 MP: 3/3
   113 | D:3      | Reached skill level 5 in Dodging
   122 | D:3      | Reached XP level 3. HP: 30/30 MP: 4/4
   230 | D:3      | Killed from afar by an orc priest

Illustrated notes

Levels and vault maps discovered:
D:1:      ncdulo_watergridlock, layout_rooms,
          shapermc_ecumenical_altar_mp_ritualfount, nrook_campfire,
          minmay_fountain_box
D:2:      layout_basic, serial_co_window_serial, co_window_paths_a,
          co_window_of_opportunity_a, co_window_paths_b, co_window_cross_1,
          co_window_corner_a, co_window_corner_b, co_window_broadway_b,
          co_window_unsneaky_path_e, co_window_of_opportunity_c,
          co_window_paths_c, co_window_2corner, glass_columns_b,
          glass_columns_a, glass_columns_a, glass_columns_a,
          kennysheep_small_spiral, minmay_quantized
D:3:      layout_basic

Skill      XL: |  1  2 |
---------------+-------+-----
Dodging        | 5 |  5.1
Fighting       | |  2.6
Ranged Weapons | |  3.7
Throwing       | |  1.9

Action                   || total
-------------------------++-------
 Fire: Sling             ||    54
Armor: Leather armour    ||     9
Dodge: Dodged            ||    22
